 Dungeon Crawl Stone Soup version 0.21-a0-531-gacddea6 (webtiles) character file.

28 tof the Slasher (level 2, 0/23 HPs)
             Began as a Demonspawn Gladiator on Dec 12, 2017.
             Succumbed to a goblin's poison
             ... on level 1 of the Dungeon.
             The game lasted 00:01:51 (579 turns).

tof the Slasher (Demonspawn Gladiator)               Turns: 579, Time: 00:01:52

Health: 0/23       AC:  4    Str: 14    XL:     2   Next: 96%
Magic:  2/2        EV: 12    Int:  9    God:
Gold:   36         SH:  0    Dex: 12    Spells: 1/1 levels left

rFire    . . .     SeeInvis .   m - +2 dagger (venom)
rCold    . . .     Gourm    .   (no shield)
rNeg     . . .     Faith    .   b - +0 leather armour
rPois    .         Spirit   .   c - +0 helmet
rElec    .         Reflect  .   (no cloak)
rCorr    .         Harm     .   (no gloves)
MR       .....                  (no boots)
Stlth    ++........             (no amulet)
HPRegen  0.07/turn              (no ring)
MPRegen  0.08/turn              (no ring)

@: lethally poisoned (0 -> -5), hasted, very quick
A: talons 1, clumsy 1, high mp 1, nightstalker 1
a: no special abilities


You were on level 1 of the Dungeon.
You were not hungry.

You visited 1 branch of the dungeon, and saw 1 of its levels.

You collected 36 gold pieces.

Inventory:

Hand Weapons
 a - a +0 long sword
 m - a +2 dagger of venom (weapon)
Missiles
 d - 3 throwing nets
 l - 3 stones (quivered)
Armour
 b - a +0 leather armour (worn)
 c - a +0 helmet (worn)
Scrolls
 h - a scroll of remove curse
Potions
 e - a potion of haste
Comestibles
 f - a bread ration
 i - 2 chunks of flesh
 k - a meat ration


   Skills:
 + Level 2.3 Fighting
 * Level 3.1 Long Blades
 + Level 2.1 Throwing
 + Level 0.8 Armour
 - Level 2.6 Dodging


You had one spell level left.
You didn't know any spells.

Dungeon Overview and Level Annotations

Branches:
Dungeon (1/15)

Altars:


Innate Abilities, Weirdness & Mutations

You are slightly more attuned to the shadows.
You have sharp toenails.
You are clumsy. (Dex -2)
You have an increased reservoir of magic. (+10% MP)


Message History

You feel sick.
You see here a goblin corpse.
* * * LOW HITPOINT WARNING * * *
You feel sick.
* * * LOW HITPOINT WARNING * * *
You feel sick.
Your surroundings suddenly seem different.
* * * LOW HITPOINT WARNING * * *
You feel sick.
* * * LOW HITPOINT WARNING * * *
You feel sick.
* * * LOW HITPOINT WARNING * * *
You feel sick.
* * * LOW HITPOINT WARNING * * *
You feel sick.
Okay, then.
Okay, then.
Okay, then.
There is a lethal amount of poison in your body!
You die...

....##.###.#####.# .##........#
#.# ...........# #.#####..#
.####..###.# #......# #
.#.......#.#####.###.###.. ..#
.#.##..#.#.......# .#.# #.#
>#.##..#.####.#.######..######.#
.......#.####................#.#
.#.##...........@......# #.#.#.#
.#.##.##.###.......###.###.#.#.#
.#.......#
#.......###.#.......##
.####.####
#.........)........... ......#
#......###.##.##....## #######
#.#....# #.##.###.#.# #
#.###..###.#.#.##.#.# #.#
#..##...###.#.#.# #.# #.......#
##....#


There were no monsters in sight!

Vanquished Creatures
  An ooze (D:1)
  A dart slug (D:1)
  3 goblins (D:1)
  5 hobgoblins (D:1)
  2 kobolds (D:1)
  4 bats (D:1)
  A frilled lizard (D:1)
  3 rats (D:1)
20 creatures vanquished.

Notes
Turn   | Place    | Note
-------+----------+-------------------------------------------
     0 | D:1      | tof the Demonspawn Gladiator began the quest for the Orb.
     0 | D:1      | Reached XP level 1. HP: 16/16 MP: 1/1
   230 | D:1      | Gained mutation: You are slightly more attuned to the shadows. [demonic ancestry]
   230 | D:1      | Reached XP level 2. HP: 21/22 MP: 2/2
   374 | D:1      | Reached skill level 3 in Long Blades
   551 | D:1      | Gained mutation: You do not regenerate when monsters are visible. [potion of mutation]
   551 | D:1      | Gained mutation: You are somewhat resistant to further mutation. [potion of mutation]
   551 | D:1      | Gained mutation: You expend magic power (3 MP) to strengthen your wands. [potion of mutation]
   552 | D:1      | Lost mutation: You expend magic power (3 MP) to strengthen your wands. [potion of mutation]
   552 | D:1      | Lost mutation: You do not regenerate when monsters are visible. [potion of mutation]
   552 | D:1      | Lost mutation: You are somewhat resistant to further mutation. [potion of mutation]
   552 | D:1      | Gained mutation: You have an increased reservoir of magic. (+10% MP) [potion of mutation]
   552 | D:1      | Gained mutation: You are clumsy. (Dex -2) [potion of mutation]
   552 | D:1      | Gained mutation: You have sharp toenails. [potion of mutation]
   574 | D:1      | HP: 1/23 [poisoned by a goblin]
   579 | D:1      | Succumbed to a goblin's poison

Vault maps used:
D:1:      onia_arrival_mini_spirals, minmay_pentomino_o4

Skill      XL: |  1  2 |
---------------+-------+-----
Throwing       | 2 |  2.1
Long Blades    | 3 |  3.1
Fighting       | |  2.3
Armour         | |  0.8
Dodging        | |  2.6

Action                   || total
-------------------------++-------
Melee: Long sword        ||    47
Throw: Stone             ||     6
       Throwing net      ||     1
  Use: Potion            ||     3
       Scroll            ||     2
 Stab: Sleeping          ||     3
Armor: Leather armour    ||    20
Dodge: Dodged            ||    47
       Rpst.: Long sword ||    11

Table legend:
 A = Spawn XP
 B = Non-spawn XP
 C = Spawn XP percentage of total XP
 D = Spawn monster count
 E = Non-spawn monster count
 F = Spawn count percentage of total count
 G = Total turns spent on level
                    A         B        C        D         E        F      G
               +---------+---------+-------+---------+---------+-------+---------
         Total |       0 |      40 |   0.0 |       0 |      20 |   0.0 |   579
               +---------+---------+-------+---------+---------+-------+---------
           D:1 |       0 |      40 |   0.0 |       0 |      20 |   0.0 |   579
               +---------+---------+-------+---------+---------+-------+---------
